 Dungeon Crawl Stone Soup version 0.29.0-5-ge4962eb29e (webtiles) character file.

Game seed: 13023528194064107434

9 ImASeal the Trooper (level 2, -2/24 HPs)
             Began as a Mummy Cinder Acolyte on Aug 29, 2022.
             Was a High Priest of Ignis.
             Slain by a quokka (3 damage)
             ... on level 1 of the Dungeon.
             The game lasted 00:01:10 (146 turns).

ImASeal the Trooper (Mummy Cinder Acolyte)           Turns: 146, Time: 00:01:11

Health: -2/24      AC:  3    Str: 17    XL:     2   Next: 6%
Magic:  4/4        EV: 11    Int: 13    God:    Ignis [*****.]
Gold:   15         SH:  0    Dex:  7    Spells: 3/3 levels left

rFire   . . .      SeeInvis .   a - -1 spear (flame)
rCold   + . .      Faith    .   (no shield)
rNeg    + + +      Spirit   .   f - +0 leather armour
rPois   ∞          Reflect  .   (no helmet)
rElec   .          Harm     .   c - scarf {repulsion}
rCorr   .          Rampage  .   (no gloves)
Will    .....                   (no boots)
Stlth   +.........              (no amulet)
HPRegen 0.08/turn               (no ring)
MPRegen 0.09/turn               (no ring)

@: repel missiles
A: cold resistance 1, negative energy resistance 3, torment resistance 2, heat
vulnerability 1, no potions
a: Renounce Religion, Fiery Armour, Foxfire Swarm, Rising Flame


You were on level 1 of the Dungeon.
You worshipped Ignis.
Ignis was extremely pleased with you.
You visited 1 branch of the dungeon, and saw 1 of its levels.

You collected 15 gold pieces.

Inventory:

Hand Weapons
 a - a -1 spear of flaming (weapon)
Armour
 b - a +0 robe
 c - a scarf of repulsion (worn)
 f - a +0 leather armour (worn)
Scrolls
 d - a scroll of immolation {unknown}
 e - a scroll of identify {unknown}


   Skills:
 + Level 3.4 Fighting
 + Level 2.5 Polearms
 + Level 1.3 Spellcasting
 + Level 2.5 Fire Magic


You had 3 spell levels left.
You didn't know any spells.
Your spell library contained the following spells:

 Spells                   Type           Power      Damage    Failure   Level
 Scorch                   Fire           14%        2d6       19%         2


Dungeon Overview and Level Annotations

Branches:
Dungeon (1/15)

Altars:

Shops:
D:1 [


Innate Abilities, Weirdness & Mutations

You are immune to poison.
Your flesh is cold resistant. (rC+)
You are immune to negative energy. (rN+++)
You are immune to unholy pain and torment.
You are vulnerable to heat. (rF-)
You do not drink.


Message History

You kill the hobgoblin!
The goblin hits you with a +0 dagger.
You closely miss the goblin. The goblin hits you but does no damage.
The endoplasm freezes you.
You are frozen.
You resist.
You hit the goblin. You burn the goblin.
You kill the goblin!
The endoplasm barely misses you.
You have reached level 2!
You hit the endoplasm. You burn the endoplasm.
The endoplasm is heavily wounded.
The quokka barely misses you. The endoplasm freezes you.
You are frozen.
You resist.
You hit the endoplasm. You burn the endoplasm.
You kill the endoplasm!
The quokka misses you.
You barely miss the quokka. The quokka barely misses you.
The giant cockroach bites you but does no damage.
The quokka bites you. The giant cockroach barely misses you.
You closely miss the giant cockroach. The quokka barely misses you.
The giant cockroach bites you.
You barely miss the quokka. The quokka barely misses you.
The giant cockroach barely misses you.
You hit the quokka but do no damage. The quokka completely misses you.
The giant cockroach bites you but does no damage.
You completely miss the quokka. The quokka bites you.
The giant cockroach bites you.
You closely miss the quokka. The quokka closely misses you.
The giant cockroach bites you.
* * * LOW HITPOINT WARNING * * *
You closely miss the quokka. The quokka bites you.
* * * LOW HITPOINT WARNING * * *
The giant cockroach bites you but does no damage.
The quokka bites you.
* * * LOW HITPOINT WARNING * * *
You closely miss the quokka. The giant cockroach bites you.
* * * LOW HITPOINT WARNING * * *
The quokka bites you.
You die...

####....##.#####.≈≈≈≈≈.#
..##....##........≈≈≈..#
....#..###.#.##.#.....≈#
...........#.##.########
)..).......#.....#
......###.#####.#####
......# #...........#
......# ####.....#.##...
......# #.##.@Bg.....
......# #.....>r.###..
......#####........#
..............?....#
####...............#
#...............#
..................
....................
.!..........#.


You could see a quokka, a giant cockroach and a goblin.

Vanquished Creatures
  A dart slug (D:1)
  2 endoplasms (D:1)
  2 goblins (D:1)
  A hobgoblin (D:1)
6 creatures vanquished.

Notes
Turn   | Place    | Note
-------+----------+-------------------------------------------
     0 | D:1      | ImASeal the Mummy Cinder Acolyte began the quest for the
                  | Orb.
     0 | D:1      | Reached XP level 1. HP: 18/18 MP: 2/2
   106 | D:1      | Found Opnuikaf's Antique Armour Shop.
   137 | D:1      | Reached XP level 2. HP: 16/24 MP: 4/4
   145 | D:1      | HP: 1/24 [quokka (4)]
   146 | D:1      | Slain by a quokka

Illustrated notes

Levels and vault maps discovered:
D:1:      onia_arrival_pentagram, layout_basic,
          shapermc_ecumenical_altar_ellora, serial_shops, nicolae_lakefront_shop

Action                   || total
-------------------------++-------
Melee: Spear             ||    28
       Punch             ||     1
Armor: Leather armour    ||     4
       Robe              ||     1
Dodge: Dodged            ||    19
